Map: Turbo Cruise '84 LE

Players

Nazgul

  • Race: Terran Terran
  • League: Bronze
  • Spawn Location: 3:00

TiPtOP - Winner!

  • Race: Terran Terran
  • League: Silver
  • Spawn Location: 7:00

VOD

Have the link to the VOD?

Description

Time

  • Played on: Aug. 12, 2019, 11 a.m.
  • Length: 10:14
Show
View Real Time Build Order
Export as new Build Order

Nazgul Terran 

Build Orders:  

Get SALT Encoding   

  12  0:09  SCV  
  13  0:21  SCV  
  13  0:25  Supply Depot  
  14  0:33  Supply Depot  
  14  0:34  SCV  
  15  0:48  Barracks  
  15  0:55  SCV  
  16  1:00  Refinery  
  16  1:10  SCV  
  17  1:15  Refinery  
  17  1:22  SCV  
  18  1:29  Barracks  
  18  1:34  SCV  
  19  1:46  SCV  
  20  1:48  Supply Depot  
  20  1:51  Marine  
  21  1:58  SCV  
  22  2:09  Marine  
  23  2:18  Factory  
  23  2:31  Barracks Reactor, Engineering Bay, SCV  
  24  2:43  SCV  
  26  2:47  Barracks Tech Lab  
  25  2:56  Orbital Command  
  25  3:05  Neosteel Armor  
  25  3:11  Marine x3  
  28  3:17  Factory Tech Lab  
  28  3:29  Marine x3  
  28  3:31  SCV  
  32  3:34  Starport  
  32  3:43  SCV  
  33  3:49  Armory  
Show
View Real Time Build Order
Export as new Build Order

TiPtOP Terran - Winner!

Build Orders:  

Get SALT Encoding   

  12  0:01  SCV  
  13  0:14  SCV  
  14  0:19  Supply Depot  
  14  0:26  SCV  
  15  0:41  SCV  
  16  0:43  Barracks  
  16  0:47  Refinery  
  16  1:03  SCV  
  17  1:15  SCV  
  18  1:21  Barracks  
  18  1:39  Command Center  
  18  1:52  Barracks Reactor  
  18  1:57  Supply Depot  
  19  2:16  Orbital Command  
  19  2:18  Barracks Tech Lab  
  18  2:29  Marine x2  
  22  2:37  Marauder  
  22  2:41  Stimpack  
  22  2:43  SCV  
  23  3:00  Marine x2  
  23  3:01  Marauder  
  23  3:03  SCV  
  23  3:04  SCV  
  29  3:15  Barracks  
  29  3:18  SCV  
  30  3:21  SCV  
  30  3:25  Marine  
  30  3:26  Marine  
  35  3:34  Marauder  
  35  3:37  SCV  
  35  3:39  SCV  
  37  3:46  Marine  
  37  3:47  Marine  
  39  3:50  SCV  
  39  3:55  SCV  
  42  4:02  SCV  
  42  4:06  Barracks Reactor  
  42  4:14  Supply Depot  
  42  4:19  SCV  
  42  4:22  SCV  
  44  4:24  Marine x2  
  46  4:36  Marauder, Supply Depot  
  48  4:40  Refinery  
  48  4:43  Factory  
  48  4:44  SCV x2  
  50  4:47  Marine x2  
  52  4:56  Supply Depot  
  52  4:58  SCV  
  52  4:59  Marine x2, Supply Depot  
  55  5:07  Marine x2  
  55  5:10  SCV  
  58  5:39  Supply Depot  
  58  5:43  Factory Reactor  
  58  5:49  SCV  
  58  5:50  SCV, Starport  
  58  5:51  Marine x3  
  58  5:52  Marine  
  58  5:53  Marauder  
  58  6:02  SCV, Combat Shield  
  58  6:17  Marine x4  
  58  6:18  Marine  
  58  6:35  Factory Tech Lab  
  58  6:36  Marauder  
  58  6:37  Marine x4, Command Center  
  58  6:45  Medivac x2  
  58  6:57  Marauder  
  58  9:29  SCV  
  58  9:31  Orbital Command  
Tags
 
Add a new tag
Caveats
  • Supply blocks, unpowered buildings, or Contaminate may cause inaccurate times.
  • Supply counts are checked every 10 seconds.